 Dungeon Crawl Stone Soup version 0.31-a0-1626-g5cb510d322 (webtiles) character file.

Game seed: 5162694428923538113

14991 shadizar the Fighter (level 12, -8/80 HPs)
             Began as a Gargoyle Earth Elementalist on Jan 12, 2024.
             Was a Believer of Elyvilon.
             Mangled by a pharaoh ant (16 damage)
             ... on level 2 of the Lair of Beasts.
             The game lasted 00:36:34 (12840 turns).

shadizar the Fighter (Gargoyle Earth Elementalist) Turns: 12840, Time: 00:36:34

Health: -8/80      AC: 26    Str: 12    XL:     12   Next: 22%
Magic:  21/24      EV:  8    Int: 21    God:    Elyvilon [**....]
Gold:   1021       SH:  0    Dex: 10    Spells: 19/27 levels left

rFire   . . .        o - +3 dagger (venom)
rCold   . . .        (no shield)
rNeg    + . .        g - +2 chain mail {rPois}
rPois   ∞            (no helmet)
rElec   +            A - +2 cloak
rCorr   .            z - +0 pair of gloves
SInv    .            (no boots)
Will    +....        (no amulet) Stlth
                     c - ring of willpower
HPRegen 0.33/turn    i - ring of flight
MPRegen 0.19/turn

%: no passive effects
@: flying, hasted, invisible, very quick
A: sickness immunity, AC +8, negative energy resistance 1, electricity
resistance, torment resistance 1, petrification resistance
a: Renounce Religion, Purification, Heal Other


You were on level 2 of the Lair of Beasts.
You worshipped Elyvilon.
Elyvilon was pleased with you.
You visited 3 branches of the dungeon, and saw 13 of its levels.
You also visited: Ossuary and Volcano.

You collected 1021 gold pieces.

Inventory:

Hand Weapons
 o - a +3 dagger of venom (weapon)
 y - a +2 heavy flail
 J - a +2 hand cannon of flaming
Armour
 b - a +4 ring mail
 g - a +2 chain mail of poison resistance (worn)
 z - a +0 pair of gloves (worn)
 A - a +2 cloak (worn)
 D - a scarf of resistance
 I - a +3 leather armour of fire resistance
Jewellery
 c - a ring of willpower (left hand)
 i - a ring of flight (right hand)
 s - a ring of see invisible
Wands
 d - a wand of flame (6)
 j - a wand of mindburst (19)
 B - a wand of light (2)
 F - a wand of paralysis (3)
Scrolls
 e - a scroll of revelation
 k - 7 scrolls of fear
 p - 3 scrolls of teleportation
 r - 5 scrolls of blinking
 t - 3 scrolls of enchant weapon
 u - a scroll of poison
Potions
 a - a potion of might
 f - 5 potions of brilliance
 h - 3 potions of enlightenment
 l - 7 potions of curing
 m - 2 potions of cancellation
 q - 2 potions of haste
 v - 2 potions of invisibility
 x - a potion of berserk rage
 H - a potion of resistance {unknown}


   Skills:
 + Level 11.1 Fighting
 + Level 7.5 Armour
 + Level 5.4 Dodging
 - Level 2.3 Stealth
 + Level 8.1 Spellcasting
 + Level 7.4 Conjurations
 + Level 10.6 Earth Magic
 - Level 1.6 Alchemy


You had 19 spell levels left.
You knew the following spells:

 Your Spells              Type           Power      Damage    Failure   Level
a - Sandblast             Erth           100%       2d20      1%          1
b - Stone Arrow           Conj/Erth      92%        3d12      10%         3
c - Olgreb's Toxic Radia  Alch           15%        N/A       100%        4

Your spell library contained the following spells:

 Spells                   Type           Power      Damage    Failure   Level
 Passwall                 Erth           52%        N/A       4%          3
 Sting                    Conj/Alch      100%       1d9       21%         1
 Brom's Barrelling Bould  Conj/Erth      46%        2d6       30%         4
 Lee's Rapid Deconstruct  Erth           26%        3d14*     41%         5
 Hailstorm                Conj/Ice       24%        3d7       63%         3
 Petrify                  Alch/Erth      34%        N/A       71%         4
 Freeze                   Ice            32%        1d5       78%         1
 Mercury Vapours          Alch/Air       22%        N/A       80%         2
 Animate Armour           Summ/Erth      60%        N/A       82%         4
 Ensorcelled Hibernation  Hex/Ice        16%        N/A       89%         2
 Flame Wave               Conj/Fire      24%        2d8       95%         4
 Frozen Ramparts          Ice            16%        1d3       98%         3
 Fugue of the Fallen      Necr           8%         N/A       98%         3
 Gell's Gravitas          Tloc           8%         N/A       98%         3
 Inner Flame              Hex/Fire       8%         N/A       98%         3
 Summon Ice Beast         Ice/Summ       8%         N/A       98%         3
 Teleport Other           Tloc           8%         N/A       98%         3
 Anguish                  Hex/Necr       4%         N/A       100%        4
 Sticky Flame             Fire/Alch      11%        2d5       100%        4
 Summon Lightning Spire   Summ/Air       8%         N/A       100%        4
 Dispersal                Tloc           4%         N/A       100%        6
 Sculpt Simulacrum        Ice/Alch       5%         N/A       100%        6


Dungeon Overview and Level Annotations

Branches:
Dungeon (10/15)            Temple (1/1) D:4            Lair (2/5) D:9
Ossuary (visited)         Volcano (visited)
  Swamp: Lair:2-3    Shoals: Lair:2-3     Snake: Lair:2-3    Spider: Lair:2-3
    Orc: D:9-12

Altars:
Ashenzari
Cheibriados
Dithmenos
Elyvilon
Fedhas
Gozag
Hepliaklqana
Kikubaaqudgha
Makhleb
Nemelex Xobeh
Okawaru
Qazlal
Ru
Sif Muna
Trog
Uskayaw
Vehumet
Wu Jian
Xom
Yredelemnul
Zin
The Shining One
Lugonu

Shops:
D:1 !

Portals:
Abyss: D:9

Annotations:
D:6 3 runed translucent doors, bmj180's ghost, novice HuCj
Temple 2 transporters


Innate Abilities, Weirdness & Mutations

You are immune to sickness and miasma.
Your stone body is resilient. (AC +8)
You are immune to poison.
You resist negative energy. (rN+)
You are resistant to electric shocks. (rElec)
You are resistant to unholy torment.
You are immune to petrification.


Message History

The blast of sand hits the redback!!
You kill the redback!
The wolf closely misses you.
The pharaoh ant bites you but does no damage.
The wolf bites you but does no damage. The pharaoh ant bites you!!
Unknown command.
Unknown command.
The pharaoh ant attacks as it pursues you!
The pharaoh ant bites you!!
* * * LOW HITPOINT WARNING * * *
You feel much better. The pharaoh ant bites you!
You feel yourself speed up.
The pharaoh ant bites you but does no damage.
The wolf bites something!
The pharaoh ant attacks as it pursues you!
The pharaoh ant bites you!
You fade into invisibility!
The wolf attacks as it pursues you! The wolf bites you but does no damage.
The wolf attacks as it pursues you! The wolf closely misses you.
The wolf attacks as it pursues you!
The wolf bites you but does no damage. x2
The wolf bites the fungus.
The fungus begins to die.
Casting: Sandblast (safe; 1% risk of failure)
Confirm with . or Enter, or press ? or * to list all spells.
Aiming: Sandblast (safe; 1% risk of failure)
Press: ? - help, Shift-Dir - straight line, f - pharaoh ant
Aim: a pharaoh ant (unable to see you, 89% to hit)
The blast of sand hits the pharaoh ant.
The pharaoh ant is lightly damaged.
The wolf bites the fungus.
Casting: Sandblast (safe; 1% risk of failure)
Confirm with . or Enter, or press ? or * to list all spells.
Aiming: Sandblast (safe; 1% risk of failure)
Press: ? - help, Shift-Dir - straight line, f/p - pharaoh ant
Aim: a pharaoh ant (lightly damaged, unable to see you, 89% to hit)
The blast of sand hits the pharaoh ant!
The pharaoh ant is heavily damaged.
The wolf bites you but does no damage. The pharaoh ant bites you!!
* * * LOW HITPOINT WARNING * * *
The wolf bites the fungus.
The pharaoh ant bites you!
You die...

#P...#§§##.#.......#
#P...#..≈≈...#.#
###.......##≈≈...#
##......≈.##≈≈..#
###..s....§......##
#P.....#.#.≈.....#
#...P#Ph....≈...###
#...##B........##
#...##@h#..P...##
...# #....P..#.# ...
#........#.# ..
##.......# .
.......#.....
#........##.#..
#.♣.......# .# . ♣
♣♣♣..#.## . ♣P.... .


You could see a pharaoh ant (unable to see you), 2 wolves and a scorpion (unable
to see you).

Vanquished Creatures
  Pikel (D:9)
  2 lindwurms (Volcano)
  Joseph (D:8)
  A toenail golem (Volcano)
  A black mamba (Lair:1)
  A molten gargoyle (Volcano)
  4 cane toads
  A komodo dragon (Lair:1)
  2 efreet (Volcano)
  A rime drake (Lair:1)
  A troll (D:9)
  3 blink frogs (Lair:1)
  2 shadows
  3 wyverns
  2 fire elementals (Volcano)
  19 yaks
  4 steam dragons
  A redback (Lair:2)
  An acid dragon (D:10)
  2 water moccasins
  An orc warrior (D:9)
  An ice beast (D:5)
  A sky beast (D:7)
  8 wolves
  4 ogres
  3 phantoms (D:5)
  4 centaurs
  A kobold brigand (D:6)
  4 earth elementals (Volcano)
  4 bullfrogs
  2 gnoll sergeants
  11 scorpions
  4 bombardier beetles
  An electric eel (D:9)
  A centaur zombie (Ossuary)
  5 hounds (D:9)
  2 jellies
  A human zombie (Ossuary)
  5 orc priests
  A gnoll bouda (D:7)
  4 iguanas
  Natasha (thrice) (D:3)
  3 orc wizards
  4 scorpion zombies (Ossuary)
  3 mummies (Ossuary)
  23 gnolls
  8 adders
  2 shadow imps
  3 white imps
  An adder zombie (Ossuary)
  2 ribbon worms
  3 dart slugs
  24 orcs
  8 ball pythons
  8 endoplasms
  5 giant cockroaches
  13 hobgoblins
  5 quokkas
  5 bats
  4 frilled lizards
  2 gnoll zombies (Ossuary)
  13 goblins
  3 jackal zombies (Ossuary)
  11 kobolds
  2 orc zombies (Ossuary)
  6 rats
  A lurking horror (D:9)
286 creatures vanquished.

Notes
Turn   | Place    | Note
-------+----------+-------------------------------------------
     0 | D:1      | shadizar the Gargoyle Earth Elementalist began the quest
                  | for the Orb.
     0 | D:1      | Reached XP level 1. HP: 10/10 MP: 3/3
   139 | D:1      | Reached XP level 2. HP: 14/16 MP: 0/5
   275 | D:1      | Reached skill level 1 in Fighting
   423 | D:1      | Reached XP level 3. HP: 20/20 MP: 3/6
   463 | D:1      | Found Ipuorph's Distillery.
   760 | D:2      | Reached skill level 2 in Fighting
  1017 | D:2      | Reached XP level 4. HP: 27/27 MP: 5/7
  1085 | D:2      | Noticed a scorpion
  1088 | D:2      | Killed a scorpion
  1089 | D:2      | Reached skill level 3 in Fighting
  1089 | D:2      | Reached XP level 5. HP: 29/32 MP: 4/9
  1093 | D:2      | Learned a level 3 spell: Stone Arrow
  1791 | D:3      | You fall into a shaft and drop 2 floors!
  1791 | D:5      | Entered Level 5 of the Dungeon
  2041 | D:5      | Noticed an ogre
  2065 | D:5      | Killed an ogre
  2066 | D:5      | Reached skill level 4 in Fighting
  2066 | D:5      | Reached skill level 5 in Earth Magic
  2066 | D:5      | Reached XP level 6. HP: 39/39 MP: 7/11
  2142 | D:5      | Found a burning altar of Makhleb.
  2187 | D:5      | Reached skill level 5 in Fighting
  2288 | D:5      | Reached XP level 7. HP: 44/44 MP: 8/12
  2484 | D:4      | Found a sand-covered staircase.
  2493 | Ossuary  | Entered an ossuary
  2848 | Ossuary  | Reached skill level 6 in Fighting
  2912 | Ossuary  | Reached XP level 8. HP: 28/52 MP: 4/14
  3106 | Ossuary  | Reached skill level 7 in Fighting
  3471 | D:3      | Found a stormy altar of Qazlal.
  3491 | D:3      | Noticed Natasha
  3493 | D:3      | Killed Natasha
  3698 | D:3      | Found a faded altar of an unknown god.
  3868 | D:3      | Noticed Natasha
  3871 | D:3      | Killed Natasha
  3999 | D:3      | Noticed Natasha
  4002 | D:3      | Killed Natasha
  4183 | D:4      | Found a staircase to the Ecumenical Temple.
  4218 | Temple   | Found a transporter.
  4218 | Temple   | Found a transporter.
  4218 | Temple   | Found a transporter.
  4218 | Temple   | Found a transporter.
  4218 | Temple   | Entered the Ecumenical Temple
  4312 | D:4      | Reached skill level 5 in Spellcasting
  4470 | D:4      | Reached skill level 1 in Armour
  4694 | D:4      | Reached skill level 8 in Fighting
  4911 | D:4      | Found an ancient bone altar of Kikubaaqudgha.
  5090 | D:5      | Reached XP level 9. HP: 57/59 MP: 11/16
  5474 | D:5      | Found a basalt altar of Yredelemnul.
  5496 | D:5      | Found an opulent altar of Gozag.
  6030 | D:6      | Found a radiant altar of Vehumet.
  6122 | D:6      | Found a runed translucent gate.
  6122 | D:6      | Found a runed translucent gate.
  6125 | D:6      | Found a runed translucent gate.
  6208 | D:6      | Found a white marble altar of Elyvilon.
  6377 | D:6      | Reached skill level 9 in Fighting
  6400 | D:6      | Reached XP level 10. HP: 33/66 MP: 2/19
  6531 | D:6      | Noticed bmj180's ghost (novice HuCj)
  7052 | D:7      | Found a blossoming altar of Fedhas.
  7950 | D:8      | Found a snail-covered altar of Cheibriados.
  8191 | D:8      | Noticed Joseph
  8216 | D:8      | Killed Joseph
  8554 | D:8      | Learned a level 4 spell: Olgreb's Toxic Radiance
  8594 | D:9      | Reached skill level 5 in Conjurations
  8610 | D:9      | Reached skill level 5 in Armour
  8611 | D:9      | Noticed Pikel
  8837 | D:9      | Found a staircase to the Lair.
  8891 | D:9      | Found a one-way gate to the infinite horrors of the Abyss.
  8900 | D:9      | Found a corrupted altar of Lugonu.
  8992 | D:9      | Reached skill level 1 in Alchemy
  9034 | D:9      | Killed Pikel
  9183 | D:9      | Reached skill level 10 in Fighting
  9522 | D:6      | Became a worshipper of Elyvilon the Healer
  9598 | D:10     | Entered Level 10 of the Dungeon
  9609 | D:9      | Reached XP level 11. HP: 61/72 MP: 16/21
 10111 | D:10     | Reached * piety under Elyvilon
 10401 | Lair:1   | Entered Level 1 of the Lair of Beasts
 10977 | Lair:1   | Reached skill level 10 in Earth Magic
 11655 | Lair:2   | Reached ** piety under Elyvilon
 11655 | Lair:2   | Found a dark tunnel.
 11667 | Lair:2   | Reached skill level 5 in Dodging
 11695 | Volcano  | Entered a volcano
 11891 | Volcano  | Reached XP level 12. HP: 51/79 MP: 18/23
 12319 | Volcano  | Reached skill level 11 in Fighting
 12840 | Lair:2   | Mangled by a pharaoh ant

Illustrated notes

Levels and vault maps discovered:
D:1:      amcnicky_arrival_gap_in_the_tavern_cellar, layout_basic, serial_shops,
          nicolae_shop_window_shopping
D:2:      minmay_inner_zag, layout_rooms
D:3:      layout_basic, grunt_qazlal_sundering,
          hellmonk_ecumenical_altar_zigzags, uniq_natasha
D:4:      minmay_polygon_palace, layout_cave_pools, kennysheep_mini_moat,
          minmay_temple_entry_butterflies, nicolae_ossuary_entry_monument
D:5:      layout_basic, lightli_temple_of_fire, jmf_multi_god_temple2
D:6:      layout_rooms, vehumet_altar_wand_db, elyvilon_altar_1,
          gammafunk_ghost_icy, nicolae_fountain_basement
D:7:      layout_rooms, mainiacjoe_overflow_cross_hatched
D:8:      layout_loops_corners, overflow_temple_1_default, nrook_campfire,
          uniq_joseph
D:9:      layout_roguey, erik_lair_island, amcnicky_altar_lugonu_corruption,
          uniq_pikel
D:10:     layout_irregular_city
Temple:   hellmonk_temple_divided_pantheon
Lair:1:   layout_loops_ring, chequers_serial_rivers_marsh, serial_bayou_lagoon_b
Lair:2:   layout_misc_corridors, mainiacjoe_swamp_entry_angry_trees,
          nicolae_spider_entry_lesser_pyramids, nicolae_volcano_entry_lava_flow,
          serial_bayou_lagoon_a

Skill      XL: |  1  2  3  4  5  6  7  8  9 10 11 12 |
---------------+-------------------------------------+-----
Fighting       | 1 2 3 4 5 6 8 9 10 11 | 11.1
Earth Magic    | 4 5 6 7 8 9 10 | 10.6
Spellcasting   | 3 4 5 6 7 8 |  8.1
Armour         | 1 3 5 7 |  7.5
Conjurations   | 2 4 5 7 |  7.4
Dodging        | 2 3 5 |  5.4
Alchemy        | 1 |  1.6
Stealth        | |  2.3

Action                     |  1- 3 |  4- 6 |  7- 9 | 10-12 || total
---------------------------+-------+-------+-------+-------++-------
  Melee: Unarmed           |    39 |       |       |       ||    39
         Whip              |       |     4 |       |       ||     4
         Dagger            |       |       |    27 |       ||    27
         Punch             |       |       |     2 |       ||     2
   Cast: Sandblast         |    41 |    60 |   258 |   294 ||   653
         Stone Arrow       |       |       |       |    24 ||    24
    Use: Potion            |       |     1 |     1 |     3 ||     5
         Scroll            |       |       |    17 |     5 ||    22
 Armour: Robe              |    40 |    23 |    20 |       ||    83
         Leather armour    |       |       |   101 |       ||   101
         Ring mail         |       |       |    31 |   161 ||   192
         Chain mail        |       |       |       |    72 ||    72
  Dodge: Dodged            |    50 |    23 |   107 |   120 ||   300

Table legend: (Time is in decaauts)
 A = Elapsed time spent in this place.
 B = Non-inter-level travel time spent in this place.
 C = Inter-level travel time spent in this place.
 D = Time resting spent in this place.
 E = Time spent auto-exploring this place.
 F = Levels seen in this place.
 G = Mean time per level.
                   A        B        C        D        E       F      G
               +--------+--------+--------+--------+--------+-----+--------+
         Total |  13186 |  12815 |    371 |      0 |   9556 |  15 |  879.1 |
       Dungeon |   9719 |   9365 |    354 |      0 |   7052 |  10 |  971.9 |
        Temple |      6 |      6 |      0 |      0 |      0 |   1 |    6.0 |
          Lair |   1459 |   1443 |     16 |      0 |   1097 |   2 |  729.5 |
       Ossuary |    932 |    932 |      0 |      0 |    595 |   1 |  932.0 |
       Volcano |   1068 |   1068 |      0 |      0 |    812 |   1 | 1068.0 |
               +--------+--------+--------+--------+--------+-----+--------+

Top non-repeatable levels by time:
     D:5: 1367 daAuts
  Lair:1: 1322 daAuts
     D:8: 1305 daAuts
     D:6: 1228 daAuts
 Volcano: 1068 daAuts
     D:4: 965 daAuts
     D:3: 933 daAuts
 Ossuary: 932 daAuts
     D:2: 927 daAuts
     D:9: 862 daAuts
     D:1: 722 daAuts
     D:7: 712 daAuts
    D:10: 694 daAuts
  Lair:2: 136 daAuts
  Temple: 6 daAuts
